 Dungeon Crawl Stone Soup version 0.18.1-6-gd335043 (webtiles) character file.

252 mopl the Cleaver (level 6, 0/51 HPs)
             Began as a Hill Orc Fighter on May 19, 2016.
             Was an Initiate of the Shining One.
             Killed by divine providence
             ... invoked by an orc priest
              (8 damage)
             ... on level 3 of the Dungeon.
             The game lasted 00:04:03 (3037 turns).

mopl the Cleaver (Hill Orc Fighter)                 Turns: 3037, Time: 00:04:04

Health: 0/51       AC:  8    Str: 19    XL:     6   Next: 14%
Magic:  0/6        EV:  7    Int:  8    God:    the Shining One [......]
Gold:   99         SH:  9    Dex: 12    Spells: 0 memorised, 5 levels left

rFire  + . .     SeeInvis .     a - +0 war axe
rCold  . . .     Gourm    .     b - +0 scale mail
rNeg   . . .     Faith    .     c - +0 shield
rPois  .         Spirit   +     (no helmet)
rElec  .         Dismiss  .     n - +0 cloak
rCorr  .         Reflect  .     (no gloves)
SustAt .         Harm     .     (no boots)
MR     .....                    j - amulet of guardian spirit
Stlth  ..........               (no ring)
                                k - ring of protection from fire

@: glowing, not resistant to hostile enchantments, extremely unstealthy
A: no striking features
a: Renounce Religion, Convert to Beogh


You were on level 3 of the Dungeon.
You worshipped the Shining One.
The Shining One was noncommittal.
You were not hungry.

You visited 1 branch of the dungeon, and saw 4 of its levels.

You collected 99 gold pieces.

Inventory:

Hand Weapons
 a - a +0 war axe (weapon)
Armour
 b - a +0 scale mail (worn)
 c - a +0 shield (worn)
 n - a +0 cloak (worn)
Jewellery
 j - an amulet of guardian spirit (around neck)
 k - a ring of protection from fire (left hand)
 m - an uncursed ring of flight
 t - an uncursed ring of ice
Scrolls
 e - 2 scrolls of magic mapping
 g - a scroll of immolation {unknown}
 h - a scroll of enchant weapon {unknown}
 i - a scroll of amnesia {unknown}
 p - 2 scrolls of identify {unknown}
Potions
 d - 2 potions of might
 q - a potion of curing {unknown}
 r - a potion of flight {unknown}
 s - a potion of invisibility {unknown}
Comestibles
 f - a bread ration
 l - a beef jerky


   Skills:
 - Level 3.6 Fighting
 * Level 8.3 Axes
 - Level 3.2 Armour
 - Level 3.2 Shields


You had 5 spell levels left.
You didn't know any spells.

Dungeon Overview and Level Annotations

Branches:
Dungeon (4/15)
 Temple: D:4-7

Altars:
Elyvilon
Fedhas
The Shining One


Message History

You hit the orc but do no damage.
The orc is almost dead.
The orc closely misses you. The orc priest hits you with a dagger.
Unknown command.
You closely miss the orc priest.
The orc priest shouts, "Join the one true god or die!"
The orc priest is lightly wounded.
You hit the orc but do no damage.
The orc is almost dead.
The orc hits you with a flail of protection.
The orc priest calls down the wrath of Beogh upon you.
Pain shoots through your body!
* * * LOW HITPOINT WARNING * * *
You closely miss the orc priest.
The orc priest is lightly wounded.
You hit the orc but do no damage.
The orc is almost dead.
The orc priest calls down the wrath of Beogh upon you.
Beogh smites you!
You die...

##........P#
#≈≈≈≈≈≈≈≈≈≈.
#≈≈≈≈≈≈≈≈≈≈≈
#..≈≈≈.≈≈≈.≈
#######.#≈≈≈#≈≈≈#≈
#.....####.###.### ..
#.####..#...#...#. #.
#.# ##............
#..##@# #.............
#...oo###.............
#...#o...÷..))))......
#...#.####..#)..#...#.
#........#####.###.###
##..#.##.##.#≈≈≈#≈≈≈#≈
#..#.##..#.≈≈≈≈.≈≈≈.≈
#........#..P≈≈≈≈≈≈≈≈
##.#.##..#...P≈≈≈.P≈≈


You could see an orc priest and 2 orcs.

Vanquished Creatures
  2 orc priests (D:3)
  8 gnolls
  2 adders
  3 oozes (D:1)
  2 worms (D:3)
  A dart slug (D:1)
  7 orcs (D:3)
  10 bats
  3 giant cockroaches
  5 goblins
  4 hobgoblins
  6 jackals
  10 kobolds
  2 quokkas
  2 ball pythons
  A giant newt (D:1)
  5 rats
73 creatures vanquished.

Notes
Turn   | Place    | Note
--------------------------------------------------------------
     0 | D:1      | mopl the Hill Orc Fighter began the quest for the Orb.
     0 | D:1      | Reached XP level 1. HP: 19/19 MP: 1/1
     8 | D:1      | Reached skill level 3 in Axes
    37 | D:1      | Reached XP level 2. HP: 25/26 MP: 2/2
    50 | D:1      | Reached skill level 4 in Axes
   341 | D:1      | Reached XP level 3. HP: 25/31 MP: 3/3
   809 | D:2      | Reached skill level 5 in Axes
  1639 | D:2      | Reached XP level 4. HP: 32/39 MP: 4/4
  1695 | D:3      | Found a white marble altar of Elyvilon.
  1700 | D:3      | Became a worshipper of Elyvilon the Healer
  1763 | D:3      | Found a blossoming altar of Fedhas.
  1807 | D:3      | Reached skill level 6 in Axes
  1836 | D:3      | Found a glowing golden altar of the Shining One.
  1964 | D:3      | Fell from the grace of Elyvilon
  1964 | D:3      | Became a worshipper of the Shining One
  2355 | D:3      | Reached XP level 5. HP: 28/45 MP: 3/5
  2650 | D:3      | Reached skill level 7 in Axes
  2834 | D:3      | Reached skill level 8 in Axes
  2834 | D:3      | Reached XP level 6. HP: 32/51 MP: 4/6
  3037 | D:3      | Killed from afar by an orc priest

Skill      XL: |  1  2  3  4  5 |
---------------+----------------+-----
Axes           | 3 4 5 6 8 |  8.3
Fighting       | |  3.6
Armour         | |  3.2
Shields        | |  3.2

Action                   |  1- 3 |  4- 6 || total
-------------------------+-------+-------++-------
Melee: War axe           |   108 |   135 ||   243
  Use: Scroll            |     1 |       ||     1
       Potion            |       |     1 ||     1
  Eat: Chunk             |     3 |     4 ||     7
Armor: Scale mail        |    40 |    46 ||    86
Dodge: Dodged            |    30 |    35 ||    65
Block: Shield            |    64 |    75 ||   139
